 Dungeon Crawl Stone Soup version 0.22-a0-779-g6f83d72c62 (webtiles) character file.

166 Mirvelgyr the Chopper (level 5, -1/47 HPs)
             Began as a Minotaur Chaos Knight on July 19, 2018.
             Killed from afar by Sigmund (10 damage)
             ... with a puff of flame
             ... on level 3 of the Dungeon.
             The game lasted 00:02:46 (1903 turns).

Mirvelgyr the Chopper (Minotaur Chaos Knight)       Turns: 1903, Time: 00:02:46

Health: -1/47      AC:  5    Str: 18    XL:     5   Next: 22%
Magic:  4/4        EV: 12    Int:  9    God:    Xom [..*...]
Gold:   137        SH:  0    Dex:  9    Spells: 4/4 levels left

rFire    . . .     SeeInvis .   a - +0 hand axe (chaos)
rCold    + . .     Gourm    .   (no shield)
rNeg     . . .     Faith    .   b - +2 leather armour
rPois    .         Spirit   .   (helmet restricted)
rElec    .         Reflect  .   (no cloak)
rCorr    .         Harm     .   (no gloves)
MR       .....                  (no boots)
Stlth    +.........             (no amulet)
HPRegen  0.15/turn              k - ring of protection from cold
MPRegen  0.09/turn              (no ring)

@: no status effects
A: retaliatory headbutt, horns 2
a: Renounce Religion


You were on level 3 of the Dungeon.
You worshipped Xom.
You were a toy of Xom.
You were not hungry.

You visited 1 branch of the dungeon, and saw 3 of its levels.

You collected 137 gold pieces.

Inventory:

Hand Weapons
 a - a +0 hand axe of chaos (weapon)
Armour
 b - a +2 leather armour (worn)
Jewellery
 k - a ring of protection from cold (left hand)
Scrolls
 e - a scroll of remove curse {unknown}
 g - a scroll of amnesia {unknown}
 h - a scroll of enchant weapon {unknown}
 j - a scroll of teleportation {unknown}
 l - a scroll of enchant armour {unknown}
 m - a scroll of blinking {unknown}
Potions
 f - a potion of ambrosia {unknown}
 i - a potion of might {unknown}
Comestibles
 c - 5 rations
 d - 8 chunks of flesh


   Skills:
 + Level 4.7 Fighting
 * Level 5.4 Axes
 + Level 3.5 Armour
 + Level 2.4 Dodging


You had 4 spell levels left.
You didn't know any spells.
Your spell library was empty.

Dungeon Overview and Level Annotations

Branches:
Dungeon (3/15)

Altars:

Annotations:
D:3 Sigmund


Innate Abilities, Weirdness & Mutations

You reflexively headbutt those who attack you in melee.
You have a pair of horns on your head.


Message History

Sigmund hits you from afar with a scythe of protection.
Sigmund misses you.
You hit Sigmund but do no damage. Your headbutt misses Sigmund.
Sigmund closely misses you.
You feel less confused.
Sigmund gestures wildly while chanting.
Sigmund flickers and vanishes!
Deactivating autopickup; reactivate with Ctrl-A.
Something hits you.
You hit something but do no damage. You hit something but do no damage.
Something hits you!
You miss something. You headbutt something. Something hits you!
* * * LOW HITPOINT WARNING * * *
You hit something but do no damage. You barely miss something.
Your headbutt misses something. Something hits you.
* * * LOW HITPOINT WARNING * * *
You hear some strange, mumbled words.
A puff of flame appears from out of thin air!
The puff of flame hits you!
You die...

############
##########.......(..#
#.#...........##.(...
###.#...##.....#..#.####
..........#....#...(#
##.#.#....#..#...#(#
#@.{.###...##(#
#...###....#..####
#..#..#)..........
#.#....#...#(#####
..#.....##.#.# #.. #.#
## #.............# #.# #
#.(
..##...........######.#
#. #.# #....###.####..#
#....# #.#####.#
#....###.#####.###....#


There were no monsters in sight!

Vanquished Creatures
  7 adders
  2 worms (D:2)
  3 dart slugs
  7 leopard geckos
  An orc (D:3)
  3 giant cockroaches
  9 goblins
  13 hobgoblins
  6 jackals (D:1)
  6 kobolds
  3 quokkas
  8 bats
  6 frilled lizards
  8 rats
82 creatures vanquished.

Notes
Turn   | Place    | Note
-------+----------+-------------------------------------------
     0 | D:1      | Mirvelgyr the Minotaur Chaos Knight began the quest for the Orb.
     0 | D:1      | Reached XP level 1. HP: 19/19 MP: 0/0
    64 | D:1      | Reached skill level 4 in Axes
    86 | D:1      | Reached XP level 2. HP: 27/27 MP: 1/1
   288 | D:1      | Reached XP level 3. HP: 29/33 MP: 2/2
   707 | D:2      | XOM is BORED!
   707 | D:2      | XOM: mild Tmut miscast
   913 | D:2      | Reached XP level 4. HP: 24/41 MP: 3/3
  1002 | D:2      | XOM: harmless Pois miscast
  1034 | D:2      | XOM: confuse monster(s)
  1049 | D:2      | Found a faded altar of an unknown god.
  1073 | D:2      | XOM: harmless Summ miscast
  1437 | D:3      | Reached skill level 5 in Axes
  1638 | D:3      | Reached XP level 5. HP: 47/47 MP: 4/4
  1882 | D:3      | Noticed Sigmund
  1903 | D:3      | Killed from afar by Sigmund

Vault maps used:
D:1:      dpeg_arrival_rooms_b
D:2:      nicolae_overflow_hidden_temple, chequers_ecumenical_altar_island,
          serial_forest, infiniplex_forest_clump_medium,
          infiniplex_forest_end_1, infiniplex_forest_straight_3,
          infiniplex_forest_lined_3, infiniplex_forest_zigzag_1,
          infiniplex_forest_zigzag_2
D:3:      first_ration, minmay_misc_feat_chi, due_unseen_surprise, uniq_sigmund

Skill      XL: |  1  2  3  4 |
---------------+-------------+-----
Fighting       | 4 |  4.7
Axes           | 4 5 |  5.4
Armour         | 3 |  3.5
Dodging        | 2 |  2.4

Action                   |  1- 3 |  4- 6 || total
-------------------------+-------+-------++-------
Melee: Hand axe          |    88 |    74 ||   162
       Headbutt          |    10 |     5 ||    15
 Stab: Confused          |       |     1 ||     1
  Eat: Chunk             |       |     3 ||     3
Armor: Leather armour    |    24 |    21 ||    45
Dodge: Dodged            |    44 |    46 ||    90

Table legend:
 A = Spawn XP
 B = Non-spawn XP
 C = Spawn XP percentage of total XP
 D = Spawn monster count
 E = Non-spawn monster count
 F = Spawn count percentage of total count
 G = Total turns spent on level
                    A         B        C        D         E        F      G
               +---------+---------+-------+---------+---------+-------+---------
         Total |       0 |     238 |   0.0 |       0 |      82 |   0.0 |  1903
               +---------+---------+-------+---------+---------+-------+---------
           D:1 |       0 |      61 |   0.0 |       0 |      34 |   0.0 |   662
           D:2 |       0 |      71 |   0.0 |       0 |      23 |   0.0 |   748
           D:3 |       0 |     106 |   0.0 |       0 |      25 |   0.0 |   493
               +---------+---------+-------+---------+---------+-------+---------
